 Dungeon Crawl Stone Soup version 0.27.1-34-g3ba077fa99 (webtiles) character file.

Game seed: 15420248880769368624

546 LLlMATKO the Chopper (level 7, -1/62 HPs)
             Began as a Minotaur Berserker on Jan 30, 2022.
             Was a Priest of Trog.
             Slain by a gnoll (11 damage)
             ... on level 3 of the Dungeon.
             The game lasted 00:02:54 (3036 turns).

LLlMATKO the Chopper (Minotaur Berserker)           Turns: 3036, Time: 00:02:54

Health: -1/62      AC:  9    Str: 22    XL:     7   Next: 6%
Magic:  6/6        EV:  9    Int:  4    God:    Trog [***...]
Gold:   106        SH:  0    Dex: 11    Spells: 6/6 levels left

rFire    . . .     SeeInvis .   a - +0 hand axe
rCold    . . .     Faith    .   (no shield)
rNeg     . . .     Spirit   .   p - +0 chain mail
rPois    +         Reflect  .   (helmet restricted)
rElec    .         Harm     .   (no cloak)
rCorr    .         Rampage  .   (no gloves)
Will     .....                  (no boots)
Stlth    ..........             (no amulet)
HPRegen  0.20/turn              j - ring of poison resistance
MPRegen  0.10/turn              k - ring of flight

@: on berserk cooldown, flying, slowed, very slow
A: horns 2, retaliatory headbutt
a: Renounce Religion, Berserk, Trog's Hand


You were on level 3 of the Dungeon.
You worshipped Trog.
Trog was most pleased with you.
You visited 1 branch of the dungeon, and saw 4 of its levels.

You collected 106 gold pieces.

Inventory:

Hand Weapons
 a - a +0 hand axe (weapon)
 b - a +2 scythe of venom
Armour
 p - a +0 chain mail (worn)
Jewellery
 g - a ring of positive energy
 j - a ring of poison resistance (left hand)
 k - a ring of flight (right hand)
Scrolls
 c - a scroll of blinking {unknown}
 d - a scroll of enchant armour {unknown}
 f - a scroll of amnesia {unknown}
 i - a scroll of enchant weapon {unknown}
 m - a scroll of teleportation {unknown}
 n - a scroll of identify {unknown}
 q - a scroll of holy word {unknown}
Potions
 e - a potion of heal wounds {unknown}
 h - a potion of invisibility {unknown}
 l - a potion of lignification {unknown}
 o - a potion of mutation {unknown}


   Skills:
 + Level 5.7 Fighting
 + Level 5.7 Axes
 + Level 5.0 Armour
 + Level 4.6 Dodging


You had 6 spell levels left.
You didn't know any spells.
Your spell library was empty.

Dungeon Overview and Level Annotations

Branches:
Dungeon (4/15)
 Temple: D:4-7

Altars:
Ru

Shops:
D:2 [=

Annotations:
D:4 Ijyb


Innate Abilities, Weirdness & Mutations

You have a pair of horns on your head.
You reflexively headbutt those who attack you in melee.


Message History

You slash the gnoll!
You kill the gnoll!
Trog accepts your kill.
You closely miss the gnoll.
You feel sick. The gnoll closely misses you. You furiously retaliate!
You headbutt the gnoll!
You kill the gnoll!
Trog accepts your kill.
You feel sick. The gnoll closely misses you.
The gnoll hits you with a +0 flail of protection.
The orc wizard casts a spell.
The orc wizard flickers and vanishes!
Deactivating autopickup; reactivate with Ctrl-A.
You see here a +0 hand axe.
Unknown command.
You feel a strong urge to attack something.
You are no longer berserk.
You are exhausted.
You feel yourself slow down.
You feel sick. The gnoll closely misses you. You furiously retaliate!
You headbutt the gnoll. The gnoll hits you but does no damage.
There is a stone staircase leading up here.
You feel sick. The gnoll hits you with a +0 flail.
The gnoll hits you with a +0 flail of protection!
* * * LOW HITPOINT WARNING * * *
Something hits you but does no damage.
Ijyb hits you with a +2 dagger of freezing.
* * * LOW HITPOINT WARNING * * *
Ijyb freezes you.
* * * LOW HITPOINT WARNING * * *
You fly upwards.
Reactivating autopickup.
You feel very sick.
You are no longer poisoned.
There is a stone staircase leading down here.
Unknown command.
Deactivating autopickup; reactivate with Ctrl-A.
You closely miss something. You hit the gnoll.
You hit the gnoll but do no damage. The gnoll hits you but does no damage.
The gnoll closely misses you. You furiously retaliate!
You headbutt the gnoll. Something hits you but does no damage.
The gnoll hits you with a +0 flail!
You die...

### ########.# #........#
#.######.# #.# #.# #.#
#.# ##### #.# #.#
######...######{## #.#
...............g@# #.#
#######.#######g.# #.#
......#.#.....#..# #.#
......'.#.....'..# #.#
......#.#.....#..# #.#
......#.#.....#..#####.#
......#.#######........#
......#..........########
......#.#...............#


You could see 2 gnolls.

Vanquished Creatures
  Sigmund (D:3)
  A scorpion (D:4)
  A jelly (D:1)
  An orc priest (D:3)
  A gnoll shaman (D:4)
  Terence (D:3)
  2 orc wizards (D:3)
  3 gnolls (D:4)
  5 adders
  2 worms
  A dart slug (D:3)
  4 orcs
  4 ball pythons
  7 endoplasms
  7 giant cockroaches
  3 goblins
  7 hobgoblins
  10 jackals
  4 quokkas
  3 bats
  8 frilled lizards
  A kobold (D:1)
  8 rats
85 creatures vanquished.

Notes
Turn   | Place    | Note
-------+----------+-------------------------------------------
     0 | D:1      | LLlMATKO the Minotaur Berserker began the quest for the
                  | Orb.
     0 | D:1      | Reached XP level 1. HP: 19/19 MP: 0/0
     1 | D:1      | Found a runed translucent door.
     2 | D:1      | Noticed a jelly
   180 | D:1      | Reached XP level 2. HP: 22/27 MP: 1/1
   648 | D:1      | Found a faded altar of an unknown god.
  1051 | D:1      | Reached XP level 3. HP: 33/33 MP: 2/2
  1053 | D:1      | Reached ** piety under Trog
  1059 | D:1      | Reached XP level 4. HP: 40/40 MP: 3/3
  1458 | D:2      | Found Nyakioxt's Jewellery Shop.
  1718 | D:2      | Found Edghah's Antique Armour Shop.
  1958 | D:3      | Reached *** piety under Trog
  1959 | D:3      | Reached XP level 5. HP: 47/47 MP: 4/4
  1966 | D:3      | Reached skill level 5 in Axes
  2183 | D:3      | Reached skill level 5 in Fighting
  2396 | D:3      | Noticed Terence
  2403 | D:3      | Killed Terence
  2600 | D:3      | Noticed Sigmund
  2610 | D:3      | Killed Sigmund
  2611 | D:3      | Reached XP level 6. HP: 56/56 MP: 5/5
  2707 | D:3      | Found a sacrificial altar of Ru.
  3021 | D:4      | Noticed Ijyb
  3029 | D:4      | Reached skill level 5 in Armour
  3029 | D:4      | Reached XP level 7. HP: 62/62 MP: 6/6
  3036 | D:3      | Slain by a gnoll

Illustrated notes

Levels and vault maps discovered:
D:1:      dpeg_arrival_caged_fury, layout_basic,
          shapermc_ecumenical_altar_notcrosses, minmay_misc_feat_rows,
          minmay_tiny_reverse_x
D:2:      layout_loops_cross, serial_shops, nicolae_square_shop, shop
D:3:      layout_basic, lemuel_doored_altar, nrook_mini_vaults, uniq_terence,
          uniq_sigmund
D:4:      layout_cave_pools, uniq_grinder, uniq_ijyb, uniq_crazy_yiuf_cottage

Skill      XL: |  1  2  3  4  5  6 |
---------------+-------------------+-----
Fighting       | 4 5 |  5.7
Axes           | 4 5 |  5.7
Armour         | 3 4 5 |  5.0
Dodging        | 3 4 |  4.6

Action                   |  1- 3 |  4- 6 |  7- 9 || total
-------------------------+-------+-------+-------++-------
Melee: Hand axe          |    57 |   101 |     3 ||   161
       Headbutt          |     6 |     9 |       ||    15
Invok: Berserk           |     2 |     4 |       ||     6
 Stab: Sleeping          |     1 |     1 |       ||     2
Armor: Animal skin       |    12 |    12 |       ||    24
       Chain mail        |       |    12 |     5 ||    17
Dodge: Dodged            |    26 |    66 |     6 ||    98
